 Dungeon Crawl Stone Soup version 0.28-a0-1510-gd0f6b136d3 (webtiles) character file.

Game seed: 16094282086657195496

18 croobank the Caller (level 2, -1/17 HPs)
             Began as an Octopode Summoner on Jan 16, 2022.
             Frozen to death by an endoplasm (3 damage)
             ... on level 1 of the Dungeon.
             The game lasted 00:01:56 (540 turns).

croobank the Caller (Octopode Summoner)              Turns: 540, Time: 00:01:57

Health: -1/17      AC:  1    Str:  7    XL:     2   Next: 66%
Magic:  5/5        EV: 13    Int: 17    God:
Gold:   14         SH:  0    Dex: 12    Spells: 2/5 levels left

rFire   . . .      SeeInvis .   (no weapon)
rCold   . . .      Faith    .   (no shield)
rNeg    . . .      Spirit   .   (helmet restricted)
rPois   .          Reflect  .   (no amulet)
rElec   .          Harm     .   (no ring)
rCorr   .          Rampage  .   (no ring)
Will    .....                   (no ring)
Stlth   +++.......              (no ring)
HPRegen 0.05/turn               (no ring)
MPRegen 0.09/turn               (no ring)
                                (no ring)
                                (no ring)

@: no status effects
A: almost no armour, amphibious, 8 rings, camouflage 1, gelatinous body 1,
(nimble swimmer 1), tentacles
a: no special abilities


You were on level 1 of the Dungeon.
You visited 1 branch of the dungeon, and saw 1 of its levels.

You collected 14 gold pieces.

Inventory:

Missiles
 a - 14 stones
 d - 21 arrows
Scrolls
 b - a scroll of identify {unknown}
Potions
 c - a potion of might {unknown}


   Skills:
 + Level 2.3 Dodging
 + Level 3.2 Stealth
 + Level 2.2 Spellcasting
 + Level 4.1 Summonings


You had 2 spell levels left.
You knew the following spells:

 Your Spells              Type           Power      Damage    Failure   Level
a - Summon Small Mammal   Summ           64%        N/A       3%          1
b - Call Imp              Summ           16%        N/A       4%          2

Your spell library contained the following spells:

 Spells                   Type           Power      Damage    Failure   Level
 Call Canine Familiar     Summ           16%        N/A       10%         3
 Summon Guardian Golem    Hex/Summ       9%         N/A       24%         3
 Summon Lightning Spire   Summ/Air       9%         N/A       63%         4


Dungeon Overview and Level Annotations

Branches:
Dungeon (1/15)

Altars:


Innate Abilities, Weirdness & Mutations

You cannot wear most types of armour.
You are amphibious.
You can wear up to eight rings at the same time.
Your skin changes colour to match your surroundings (Stealth+).
Your rubbery body absorbs attacks. (AC +1, EV +1)
((You are camouflaged when in or above water. (Stealth+)))
You have tentacles for arms and can constrict up to eight enemies at once.


Message History

Your quokka disappears in a puff of smoke!
Your crimson imp disappears in a puff of smoke!
The ball python misses you. The ball python barely misses you.
Things that are here:
a +0 club; a goblin corpse The ball python bites you.
The ball python barely misses you. The ball python bites you.
The ball python closely misses you.
You tentacle-slap the ball python but do no damage.
You grab the ball python. You squeeze the ball python.
You kill the ball python!
The goblin closely misses you.
You see here a ball python corpse.
You closely miss the goblin. Your grab misses the goblin.
The goblin barely misses you.
You tentacle-slap the goblin. Your grab misses the goblin.
The goblin is heavily wounded.
The goblin hits you with a +0 dagger.
You tentacle-slap the goblin. You grab the goblin.
You tentacle-slap the goblin.
The goblin is almost dead.
You constrict the goblin.
You kill the goblin!
You tentacle-slap the endoplasm. Your squeeze misses the endoplasm.
The endoplasm is moderately wounded.
The endoplasm freezes you.
You are frozen.
You tentacle-slap the endoplasm.
The endoplasm is heavily wounded.
The endoplasm freezes you.
You are frozen.
* * * LOW HITPOINT WARNING * * *
You barely miss the endoplasm.
The endoplasm is heavily wounded.
The endoplasm closely misses you.
Sorry, you're not good enough to have a special ability.
You tentacle-slap the endoplasm. Your squeeze misses the endoplasm.
The endoplasm is severely wounded.
The endoplasm freezes you.
You are frozen.
You die...

#### ##...## ###.....##
.........# .........#
.........
........##############
.(.....).....J@......##
.........###########..#
.........# ##5.#
........## #######..##
.......## ##.......##
...#... ##.......##
#....... #.........#
#....#... #.........#
#...##.........#


You could see an endoplasm.

Vanquished Creatures
  A ball python (D:1)
  An endoplasm (D:1)
  2 goblins (D:1)
  A quokka (D:1)
  A rat (D:1)
6 creatures vanquished.

Vanquished Creatures (collateral kills)
  3 endoplasms (D:1)
  A giant cockroach (D:1)
  A goblin (D:1)
  A hobgoblin (D:1)
  A kobold (D:1)
  A rat (D:1)
8 creatures vanquished.

Grand Total: 14 creatures vanquished

Notes
Turn   | Place    | Note
-------+----------+-------------------------------------------
     0 | D:1      | croobank the Octopode Summoner began the quest for the Orb.
     0 | D:1      | Reached XP level 1. HP: 11/11 MP: 3/3
   114 | D:1      | Reached XP level 2. HP: 2/17 MP: 3/5
   414 | D:1      | Learned a level 2 spell: Call Imp
   540 | D:1      | Frozen to death by an endoplasm

Illustrated notes

Levels and vault maps discovered:
D:1:      evilmike_arrival_rings, layout_rooms

Skill      XL: |  1 |
---------------+----+-----
Stealth        | 3 |  3.2
Dodging        | |  2.3
Spellcasting   | |  2.2
Summonings     | |  4.1

Action                   || total
-------------------------++-------
Melee: Unarmed           ||    21
       Constrict         ||     6
       Tentacles         ||     4
       Punch             ||     1
 Cast: Summon Small Mamm ||     8
       Call Imp          ||     1
 Stab: Sleeping          ||     1
Armor: Skin              ||     1
Dodge: Dodged            ||    10

Table legend: (Time is in decaauts)
 A = Elapsed time spent in this place.
 B = Non-inter-level travel time spent in this place.
 C = Inter-level travel time spent in this place.
 D = Time resting spent in this place.
 E = Time spent auto-exploring this place.
 F = Levels seen in this place.
 G = Mean time per level.
                   A        B        C        D        E       F      G
               +--------+--------+--------+--------+--------+-----+--------+
         Total |    540 |    540 |      0 |    297 |    124 |   1 |  540.0 |
       Dungeon |    540 |    540 |      0 |    297 |    124 |   1 |  540.0 |
               +--------+--------+--------+--------+--------+-----+--------+

Top non-repeatable levels by time:
     D:1: 540 daAuts
